| TOP OF THE 1ST |
|
Jamestown Falcons batting - Pitching for Batavia Clippers : RHP Angel Figueroa
|
|
Pitching: RHP Angel Figueroa
|
|
|
Batting: RHB Nelson Rood
|
0-0: Ball 1-0: Ball 2-0: Called Strike 2-1: Ball 3-1: Base on Balls
|
|
Batting: RHB Dave Myers
|
0-0: Ball 1-0: Swinging Strike 1-1: Ball 2-1: Fly out, F8 (Flyball, 8LXD, EV 91.3 MPH)
|
|
Batting: LHB Jack Howell
|
0-0: Called Strike 0-1: Ball 1-1: Ball 2-1: TRIPLE (Flyball, 9LD, EV 107.5 MPH) Nelson Rood scores
|
|
Batting: RHB Glen Stacheit
|
0-0: Called Strike 0-1: Ball 1-1: DOUBLE (Flyball, 89XD, EV 94.4 MPH) Jack Howell scores
|
|
Batting: RHB Roberto Gutierrez
|
0-0: Called Strike 0-1: Ball 1-1: Called Strike 1-2: Ground out U3 (Groundball, 3, EV 88.1 MPH) Glen Stacheit to third
|
|
Batting: RHB Ronald Arnold
|
0-0: SINGLE (Line Drive, 9LS, EV 95.0 MPH) Glen Stacheit scores
|
|
Batting: RHB Ed Brennan
|
0-0: Called Strike Ronald Arnold steals 2nd base 0-1: Ground out 5-3 (Groundball, 56, EV 86.3 MPH)
|
| Top of the 1st over - 3 runs, 3 hits, 0 errors, 1 left on base; Jamestown 3 - Batavia 0 |
| BOTTOM OF THE 1ST |
|
Batavia Clippers batting - Pitching for Jamestown Falcons : LHP David West
|
|
Pitching: LHP David West
|
|
|
Batting: RHB Greg Tabor
|
0-0: Ball 1-0: SINGLE (Popup, 3, EV 66.9 MPH)
|
|
Batting: LHB Mark Bingham
|
0-0: Ball 1-0: Swinging Strike 1-1: Ball 2-1: Ball 3-1: Fly out, F8 (Flyball, 8RXD, EV 91.9 MPH)
|
|
Batting: RHB Mickey Brantley
|
0-0: Ball 1-0: Grounds into double play, 6-4-3 (Groundball, 6M, EV 86.3 MPH)
|
| Bottom of the 1st over - 0 runs, 1 hit, 0 errors, 0 left on base; Jamestown 3 - Batavia 0 |
| TOP OF THE 2ND |
|
Jamestown Falcons batting - Pitching for Batavia Clippers : RHP Angel Figueroa
|
|
Batting: LHB Darren Riley
|
0-0: SINGLE (Groundball, 3D, EV 94.4 MPH)
|
|
Batting: RHB Joe Oliver
|
0-0: Fly out, F8 (Flyball, 78M, EV 90.0 MPH)
|
|
Batting: RHB Nelson Rood
|
0-0: Foul Ball, location: 2F 0-1: Fly out, F8 (Flyball, 8LD, EV 93.8 MPH)
|
|
Batting: RHB Dave Myers
|
0-0: Ball 1-0: Called Strike 1-1: Fielders Choice at 2nd, 5-4 (Groundball, 56, EV 84.4 MPH)
|
| Top of the 2nd over - 0 runs, 1 hit, 0 errors, 1 left on base; Jamestown 3 - Batavia 0 |
| BOTTOM OF THE 2ND |
|
Batavia Clippers batting - Pitching for Jamestown Falcons : LHP David West
|
|
Batting: RHB Glenn Carpenter
|
0-0: Ball 1-0: Reached on error, E5 (Groundball, 56, EV 85.0 MPH)
|
|
Batting: RHB Jerry Lomastro
|
0-0: Called Strike 0-1: Ball 1-1: Reached on error, E5 (Groundball, 56S, EV 70.6 MPH) Glenn Carpenter to third
|
|
Batting: LHB Mike Botkin
|
0-0: Ball 1-0: Ball 2-0: SINGLE (Line Drive, 5D, EV 102.5 MPH) Glenn Carpenter scores Jerry Lomastro to third
|
|
Batting: RHB Russ Stephans
|
0-0: 3-RUN HOME RUN (Flyball, 7LD, EV 105.6 MPH), Distance : 366 ft
|
|
Batting: RHB Jorge Gonzalez
|
0-0: Called Strike 0-1: SINGLE (Groundball, 4MD, EV 96.9 MPH)
|
|
Batting: RHB Mark Kuecker
|
0-0: Foul Ball, location: 2F 0-1: Ball 1-1: Ball 2-1: Called Strike 2-2: Foul Ball, location: 2F 2-2: Ball 3-2: Foul Ball, location: 2F 3-2: Foul Ball, location: 2F 3-2: Base on Balls Jorge Gonzalez to second
|
|
Batting: RHB Greg Tabor
|
0-0: TRIPLE (Flyball, 78XD, EV 108.8 MPH) Jorge Gonzalez scores Mark Kuecker scores
|
|
Batting: LHB Mark Bingham
|
0-0: Ball 1-0: Called Strike 1-1: Swinging Strike 1-2: Ball 2-2: Strikes out swinging
|
|
Batting: RHB Mickey Brantley
|
0-0: Called Strike 0-1: Ball 1-1: Fly out, F2 (Popup, 2RF, EV 89.4 MPH)
|
|
Batting: RHB Glenn Carpenter
|
0-0: Ball 1-0: Ball 2-0: Ball 3-0: Base on Balls
|
|
Batting: RHB Jerry Lomastro
|
0-0: Fly out, F8 (Flyball, 8RXD, EV 99.4 MPH)
|
| Bottom of the 2nd over - 6 runs, 4 hits, 2 errors, 2 left on base; Jamestown 3 - Batavia 6 |
| TOP OF THE 3RD |
|
Jamestown Falcons batting - Pitching for Batavia Clippers : RHP Angel Figueroa
|
|
Batting: LHB Jack Howell
|
0-0: Swinging Strike 0-1: Called Strike 0-2: Strikes out looking
|
|
Batting: RHB Glen Stacheit
|
0-0: Ball 1-0: Fly out, F7 (Flyball, 7LS, EV 88.8 MPH)
|
|
Batting: RHB Roberto Gutierrez
|
0-0: Swinging Strike 0-1: Fly out, F9 (Line Drive, 9, EV 91.9 MPH)
|
| Top of the 3rd over - 0 runs, 0 hits, 0 errors, 0 left on base; Jamestown 3 - Batavia 6 |
| BOTTOM OF THE 3RD |
|
Batavia Clippers batting - Pitching for Jamestown Falcons : LHP David West
|
|
Batting: LHB Mike Botkin
|
0-0: Ball 1-0: Ball 2-0: Called Strike 2-1: Ground out 4-3 (Groundball, 4M, EV 85.0 MPH)
|
|
Batting: RHB Russ Stephans
|
0-0: Ball 1-0: Called Strike 1-1: Ball 2-1: Called Strike 2-2: Strikes out swinging
|
|
Batting: RHB Jorge Gonzalez
|
0-0: Fly out, F8 (Flyball, 8RXD, EV 92.5 MPH)
|
| Bottom of the 3rd over - 0 runs, 0 hits, 0 errors, 0 left on base; Jamestown 3 - Batavia 6 |
| TOP OF THE 4TH |
|
Jamestown Falcons batting - Pitching for Batavia Clippers : RHP Angel Figueroa
|
|
Batting: RHB Ronald Arnold
|
0-0: Ball 1-0: Fly out, F6 (Popup, 6M, EV 68.8 MPH)
|
|
Batting: RHB Ed Brennan
|
0-0: Ball 1-0: Swinging Strike 1-1: Ground out 6-3 (Groundball, 6, EV 105.0 MPH)
|
|
Batting: LHB Darren Riley
|
0-0: Ground out 6-3 (Groundball, 6, EV 79.4 MPH)
|
| Top of the 4th over - 0 runs, 0 hits, 0 errors, 0 left on base; Jamestown 3 - Batavia 6 |
| BOTTOM OF THE 4TH |
|
Batavia Clippers batting - Pitching for Jamestown Falcons : LHP David West
|
|
Batting: RHB Mark Kuecker
|
0-0: Foul Ball, location: 2F 0-1: Swinging Strike 0-2: Fly out, F4 (Popup, 4, EV 55.0 MPH)
|
|
Batting: RHB Greg Tabor
|
0-0: Ball 1-0: Ball 2-0: Ball 3-0: Base on Balls
|
|
Pitching: RHP Francisco Oliveras
|
|
|
Batting: LHB Mark Bingham
|
0-0: Ball Greg Tabor is caught stealing 2nd base 2-6 1-0: Reached on error, E6 (Groundball, 56, EV 95.0 MPH)
|
|
Batting: RHB Mickey Brantley
|
0-0: Fly out, F8 (Flyball, 8LS, EV 88.8 MPH)
|
| Bottom of the 4th over - 0 runs, 0 hits, 1 error, 1 left on base; Jamestown 3 - Batavia 6 |
| TOP OF THE 5TH |
|
Jamestown Falcons batting - Pitching for Batavia Clippers : RHP Angel Figueroa
|
|
Batting: RHB Joe Oliver
|
0-0: Ground out 4-3 (Groundball, 4, EV 87.5 MPH)
|
|
Batting: RHB Nelson Rood
|
0-0: SINGLE (Flyball, 4D, EV 90.6 MPH)
|
|
Batting: RHB Dave Myers
|
0-0: Ball 1-0: Swinging Strike 1-1: Ball 2-1: Ball Nelson Rood steals 2nd base 3-1: Called Strike 3-2: Fly out, F8 (Flyball, 8LXD, EV 93.8 MPH) Runner from 2nd tags up, SAFE at 3rd, no throw by CF
|
|
Batting: LHB Jack Howell
|
0-0: Ball 1-0: Ball 2-0: Called Strike 2-1: Ball 3-1: Called Strike 3-2: SINGLE (Line Drive, 7S, EV 109.4 MPH) Nelson Rood scores
|
|
Batting: RHB Glen Stacheit
|
0-0: Called Strike 0-1: Ball 1-1: Foul Ball, location: 2F 1-2: Ball Jack Howell steals 2nd base 2-2: Foul Ball, location: 2F 2-2: Ball 3-2: Fly out, F6 (Popup, 6MD, EV 50.0 MPH)
|
| Top of the 5th over - 1 run, 2 hits, 0 errors, 1 left on base; Jamestown 4 - Batavia 6 |
| BOTTOM OF THE 5TH |
|
Batavia Clippers batting - Pitching for Jamestown Falcons : RHP Francisco Oliveras
|
|
Batting: RHB Glenn Carpenter
|
0-0: Called Strike 0-1: Foul Ball, location: 2F 0-2: Foul Ball, location: 2F 0-2: Ball 1-2: Strikes out swinging
|
|
Batting: RHB Jerry Lomastro
|
0-0: Ball 1-0: Ground out U3 (Groundball, 34, EV 83.1 MPH)
|
|
Batting: LHB Mike Botkin
|
0-0: Swinging Strike 0-1: Ball 1-1: SINGLE (Groundball, 56D, EV 98.8 MPH)
|
|
Batting: RHB Russ Stephans
|
0-0: Ball 1-0: Ball 2-0: Fly out, F9 (Flyball, 89XD, EV 83.1 MPH)
|
| Bottom of the 5th over - 0 runs, 1 hit, 0 errors, 1 left on base; Jamestown 4 - Batavia 6 |
| TOP OF THE 6TH |
|
Jamestown Falcons batting - Pitching for Batavia Clippers : RHP Angel Figueroa
|
|
Batting: RHB Roberto Gutierrez
|
0-0: Swinging Strike 0-1: Ball 1-1: Ball 2-1: Foul Ball, location: 2F 2-2: Fly out, F3 (Flyball, 34D, EV 90.6 MPH)
|
|
Batting: RHB Ronald Arnold
|
0-0: Ball 1-0: Ball 2-0: Called Strike 2-1: Ball 3-1: Ground out 6-3 (Groundball, 6, EV 89.4 MPH)
|
|
Batting: RHB Ed Brennan
|
0-0: Called Strike 0-1: Foul Ball, location: 2F 0-2: Ball 1-2: Foul Ball, location: 2F 1-2: Foul Ball, location: 2F 1-2: Foul Ball, location: 2F 1-2: Ball 2-2: Strikes out swinging
|
| Top of the 6th over - 0 runs, 0 hits, 0 errors, 0 left on base; Jamestown 4 - Batavia 6 |
| BOTTOM OF THE 6TH |
|
Batavia Clippers batting - Pitching for Jamestown Falcons : RHP Francisco Oliveras
|
|
Batting: RHB Jorge Gonzalez
|
0-0: Ball 1-0: Ball 2-0: Ball 3-0: Base on Balls
|
|
Batting: RHB Mark Kuecker
|
0-0: Ball 1-0: Called Strike 1-1: TRIPLE (Flyball, 89XD, EV 98.8 MPH) Jorge Gonzalez scores
|
|
Batting: RHB Greg Tabor
|
0-0: Ground out 5-3 (Groundball, 56S, EV 90.0 MPH) Mark Kuecker scores
|
|
Batting: LHB Mark Bingham
|
0-0: Ball 1-0: Called Strike 1-1: Ball 2-1: Fly out, F8 (Flyball, 8RS, EV 75.0 MPH)
|
|
Batting: RHB Mickey Brantley
|
0-0: Fly out, F8 (Line Drive, 8LM, EV 98.8 MPH)
|
| Bottom of the 6th over - 2 runs, 1 hit, 0 errors, 0 left on base; Jamestown 4 - Batavia 8 |
| TOP OF THE 7TH |
|
Jamestown Falcons batting - Pitching for Batavia Clippers : RHP Angel Figueroa
|
|
Batting: LHB Darren Riley
|
0-0: Ball 1-0: Foul Ball, location: 2F 1-1: Ball 2-1: Foul Ball, location: 2F 2-2: Ball 3-2: SINGLE (Groundball, 6MD, EV 103.8 MPH)
|
|
Batting: RHB Joe Oliver
|
0-0: Ball Wild Pitch! Darren Riley to second 1-0: Ball 2-0: Foul Ball, location: 2F 2-1: Ground out U3 (Groundball, 3, EV 103.1 MPH) Darren Riley to third
|
|
Batting: RHB Nelson Rood
|
0-0: Foul Ball, location: 2F 0-1: Called Strike 0-2: Foul Ball, location: 2F 0-2: Foul Ball, location: 2F 0-2: Ball 1-2: Ball 2-2: Fly out, F8 (Line Drive, 8LM, EV 98.8 MPH) Runner from 3rd tags up, SCORES, throw by CF
|
|
Batting: RHB Dave Myers
|
0-0: Ball 1-0: Ball 2-0: Ground out 6-3 (Groundball, 6, EV 88.8 MPH)
|
| Top of the 7th over - 1 run, 1 hit, 0 errors, 0 left on base; Jamestown 5 - Batavia 8 |
| BOTTOM OF THE 7TH |
|
Batavia Clippers batting - Pitching for Jamestown Falcons : RHP Francisco Oliveras
|
|
Batting: RHB Glenn Carpenter
|
0-0: Ball 1-0: Foul Ball, location: 2F 1-1: Fly out, F8 (Flyball, 8RXD, EV 102.5 MPH)
|
|
Batting: RHB Jerry Lomastro
|
0-0: Called Strike 0-1: Ball 1-1: Ball 2-1: Foul Ball, location: 2F 2-2: Ball 3-2: Foul Ball, location: 2F 3-2: Foul Ball, location: 2F 3-2: Foul Ball, location: 2F 3-2: Strikes out looking
|
|
Batting: LHB Mike Botkin
|
0-0: Foul Ball, location: 2F 0-1: Ground out 6-3 (Groundball, 6, EV 82.5 MPH)
|
| Bottom of the 7th over - 0 runs, 0 hits, 0 errors, 0 left on base; Jamestown 5 - Batavia 8 |
| TOP OF THE 8TH |
|
Jamestown Falcons batting - Pitching for Batavia Clippers : RHP Angel Figueroa
|
|
Pitching: RHP Robert Alevizos
|
|
|
Batting: LHB Jack Howell
|
0-0: Called Strike 0-1: Fly out, F7 (Line Drive, 7, EV 95.6 MPH)
|
|
Batting: RHB Glen Stacheit
|
0-0: Ball 1-0: Called Strike 1-1: Fly out, F5 (Popup, 25F, EV 86.9 MPH)
|
|
Batting: RHB Roberto Gutierrez
|
0-0: Called Strike 0-1: Ball 1-1: Swinging Strike 1-2: SINGLE (Line Drive, 5D, EV 106.3 MPH)
|
|
Batting: RHB Ronald Arnold
|
0-0: Ball 1-0: Foul Ball, location: 2F 1-1: SINGLE (Line Drive, 8LS, EV 107.5 MPH) Roberto Gutierrez to second
|
|
Batting: RHB Ed Brennan
|
0-0: Ball 1-0: Called Strike 1-1: Swinging Strike 1-2: Foul Ball, location: 2F 1-2: Ground out 4-3 (Groundball, 4, EV 105.0 MPH)
|
| Top of the 8th over - 0 runs, 2 hits, 0 errors, 2 left on base; Jamestown 5 - Batavia 8 |
| BOTTOM OF THE 8TH |
|
Batavia Clippers batting - Pitching for Jamestown Falcons : RHP Francisco Oliveras
|
|
Batting: RHB Russ Stephans
|
0-0: Swinging Strike 0-1: Ball 1-1: Foul Ball, location: 2F 1-2: Ball 2-2: Ball 3-2: DOUBLE (Line Drive, 7LM, EV 113.8 MPH)
|
|
Batting: RHB Jorge Gonzalez
|
0-0: Intentional Walk
|
|
Batting: RHB Mark Kuecker
|
0-0: Called Strike 0-1: Ball 1-1: Ball 2-1: Swinging Strike 2-2: Ball 3-2: Strikes out swinging
|
|
Batting: RHB Greg Tabor
|
0-0: Swinging Strike 0-1: Ball 1-1: Ball 2-1: Fly out, F8 (Flyball, 8RM, EV 86.9 MPH)
|
|
Batting: LHB Mark Bingham
|
0-0: Ball 1-0: Ball 2-0: Called Strike 2-1: Foul Ball, location: 2F 2-2: Ball 3-2: Foul Ball, location: 2F 3-2: Foul Ball, location: 2F 3-2: DOUBLE (Line Drive, 3D, EV 105.0 MPH) Russ Stephans scores Jorge Gonzalez to third Jorge Gonzalez scores
|
|
Pitching: LHP Michael Tirella
|
|
|
Batting: RHB Mickey Brantley
|
0-0: Foul Ball, location: 2F 0-1: SINGLE (Flyball, 78S, EV 92.5 MPH) Mark Bingham to third Runner from 3rd tries for Home, SAFE, throw by LF to home
|
|
Batting: RHB Glenn Carpenter
|
0-0: Ball 1-0: Ball 2-0: Ball 3-0: Base on Balls Mickey Brantley to second
|
|
Batting: RHB Jerry Lomastro
|
0-0: Foul Ball, location: 2F 0-1: Swinging Strike 0-2: Fielders Choice at 2nd, 5-4 (Groundball, 56, EV 106.3 MPH)
|
| Bottom of the 8th over - 3 runs, 3 hits, 0 errors, 2 left on base; Jamestown 5 - Batavia 11 |
| TOP OF THE 9TH |
|
Jamestown Falcons batting - Pitching for Batavia Clippers : RHP Robert Alevizos
|
|
Batting: LHB Darren Riley
|
0-0: Swinging Strike 0-1: Called Strike 0-2: Fly out, F9 (Flyball, 89D, EV 85.6 MPH)
|
|
Batting: RHB Joe Oliver
|
0-0: Ball 1-0: Called Strike 1-1: Ball 2-1: Swinging Strike 2-2: Ball 3-2: Foul Ball, location: 2F 3-2: Foul Ball, location: 2F 3-2: Ground out 5-3 (Groundball, 56S, EV 68.8 MPH)
|
|
Batting: RHB Nelson Rood
|
0-0: Swinging Strike 0-1: Swinging Strike 0-2: Ball 1-2: Ball 2-2: Ball 3-2: Strikes out swinging, 2-3 out at first.
|
| Top of the 9th over - 0 runs, 0 hits, 0 errors, 0 left on base; Jamestown 5 - Batavia 11 |
|